 Dungeon Crawl Stone Soup version 0.32-a0-814-g0968bab981 (webtiles) character file.

Game seed: 12470606927093012760

2533 smashvw the Ducker (level 9, -3/60 (69) HPs)
             Began as a Gnoll Hexslinger on Mar 22, 2024.
             Was a Believer of Ashenzari.
             Slain by Maggie
             ... wielding a +2 broad axe of flaming
              (11 damage)
             ... on level 7 of the Dungeon.
             The game lasted 00:15:37 (7748 turns).

smashvw the Ducker (Gnoll Hexslinger)               Turns: 7748, Time: 00:15:37

HP:   -3/60 (69)    AC:  7    Str:  7    XL:     9   Next: 55%
MP:   18/18         EV: 17    Int: 13    God:    Ashenzari [**....]
Gold: 267           SH:  0    Dex: 19    Spells: 17/20 levels left

rFire   . . .        a - +1 sling of the Fated Trepidation {Elem, Fort} (curse)
rCold   . . .        (no shield)
rNeg    . . .        c - +0 robe of the Unveiling Omen {Cun, Range} (curse)
rPois   .            (no helmet)
rElec   .            f - +2 cloak of Supernal Gnosis {Sorc, Dev} (curse)
rCorr   .            (no gloves)
SInv    +            i - +0 pair of boots of Ashenzari's Negation {Range, Cun} (curse)
Will    .....        (no amulet)
Stlth   ++++         (no ring)
HPRegen 0.30/turn    (no ring)
MPRegen 0.16/turn

%: no passive effects
@: mighty, mesmerised, heavily drained
A: fangs 1, strong nose, distributed training
a: Renounce Religion, Shatter the Chains


You were on level 7 of the Dungeon.
You worshipped Ashenzari.
Ashenzari was pleased with you.
You visited 1 branch of the dungeon, and saw 7 of its levels.

You collected 267 gold pieces.

Inventory:

Hand Weapons
 a - the cursed +1 sling of the Fated Trepidation (weapon) {Elem, Fort}

   It has a curse which improves the following skills: Elements: Fire Magic, Ice
   Magic, Air Magic and Earth Magic.
   Fortitude: Armour and Shields.
 g - a +0 shortbow
 n - a +0 flail of draining
 r - a +1 dagger of holy wrath
Missiles
 o - 6 boomerangs
Armour
 c - the cursed +0 robe of the Unveiling Omen (worn) {Cun, Range}

   It has a curse which improves the following skills: Cunning: Dodging and
   Stealth.
   Ranged Combat: Ranged Weapons and Throwing.
 f - the cursed +2 cloak of Supernal Gnosis (worn) {Sorc, Dev}
   (You found it on level 4 of the Dungeon)

   It has a curse which improves the following skills: Sorcery: Conjurations and
   Alchemy.
   Devices:   Evocations and Shapeshifting.
 i - the cursed +0 pair of boots of Ashenzari's Negation (worn) {Range, Cun}
   (You found it on level 2 of the Dungeon)

   It has a curse which improves the following skills: Ranged Combat: Ranged
   Weapons and Throwing.
   Cunning:   Dodging and Stealth.
 s - a scarf of harm
 x - a +0 plate armour
Jewellery
 m - a ring of poison resistance
Talismans
 w - a serpent talisman
Wands
 p - a wand of charming (9)
 u - a wand of flame (24)
Scrolls
 b - 2 scrolls of poison
 d - a scroll of enchant armour
 e - a scroll of identify
 h - a scroll of vulnerability
 j - 2 scrolls of teleportation
 q - 2 scrolls of torment
 t - a scroll of revelation
 v - 2 scrolls of enchant weapon
 y - a scroll of immolation
 A - 2 scrolls of blinking
Potions
 k - a potion of invisibility
 l - 2 potions of enlightenment


   Skills:
 + Level 6.2 Fighting
 + Level 5.6 Short Blades
 + Level 5.6 Long Blades
 + Level 5.6 Axes
 + Level 5.6 Maces & Flails
 + Level 5.6 Polearms
 + Level 5.6 Staves
 + Level 7.3(9.1) Ranged Weapons
 + Level 5.6(7.3) Throwing
 + Level 5.6(6.7) Armour
 + Level 7.3(9.1) Dodging
 + Level 5.6(7.3) Stealth
 + Level 5.6(6.7) Shields
 + Level 5.6 Unarmed Combat
 + Level 6.3 Spellcasting
 + Level 4.6(5.7) Conjurations
 + Level 7.2 Hexes
 + Level 4.6 Summonings
 + Level 4.6 Necromancy
 + Level 4.6 Translocations
 + Level 5.1(6.2) Fire Magic
 + Level 4.6(5.7) Ice Magic
 + Level 4.6(5.7) Air Magic
 + Level 4.6(5.7) Earth Magic
 + Level 4.6(5.7) Alchemy
 + Level 6.1 Invocations
 + Level 5.6(6.7) Evocations
 + Level 5.1(6.2) Shapeshifting


You had 17 spell levels left.
You knew the following spells:

 Your Spells              Type           Power      Damage    Failure   Level
a - Jinxbite              Hex            46%        N/A       1%          2
b - Foxfire               Conj/Fire      76%        2x1d7     1%          1

Your spell library contained the following spells:

 Spells                   Type           Power      Damage    Failure   Level
 Slow                     Hex            92%        N/A       1%          1
 Ensorcelled Hibernation  Hex/Ice        42%        N/A       1%          2
 Confusing Touch          Hex            23%        N/A       2%          3
 Sigil of Binding         Hex            23%        N/A       2%          3
 Inner Flame              Hex/Fire       21%        N/A       3%          3
 Volatile Blastmotes      Fire/Tloc      36%        2d13      5%          3
 Vampiric Draining        Necr           16%        2d7       8%          3
 Cause Fear               Hex            11%        N/A       9%          4
 Dimensional Bullseye     Hex/Tloc       9%         N/A       14%         4
 Fulminant Prism          Conj/Alch      9%         3d7       16%         4
 Iskenderun's Mystic Bla  Conj/Tloc      17%        2d5       19%         4
 Starburst                Conj/Fire      9%         6d5       91%         6


Dungeon Overview and Level Annotations

Branches:
Dungeon (7/15)             Temple (0/1) D:6

Altars:
Ashenzari
Vehumet

Shops:
D:5 =

Annotations:
D:7 Maggie


Innate Abilities, Weirdness & Mutations

You have very sharp teeth.
Your uncanny sense of smell can sniff out nearby items.
Your experience applies equally to all skills.


Message History

You shoot a sling bullet. The sling bullet hits Maggie!
Maggie is severely wounded.
Maggie hits you with a +2 broad axe of flaming.
Maggie burns you.
You shoot a sling bullet.
The sling bullet hits Maggie but does no damage.
Maggie is severely wounded.
Maggie casts a spell at you. The bolt of fire hits you!
You are too injured to fight recklessly!
You are too injured to fight recklessly!
You are too injured to fight recklessly!
You are too injured to fight recklessly!
Okay, then.
Fire: a) +1 sling of the Fated Trepidation {Elem, Fort} (curse)
Press: ? - help, Q - select action, (/) - cycle Shift-Dir - straight line, f/p - Maggie
Aim: Maggie, wielding a +2 broad axe of flaming and wearing +0 acid dragon scales (severely wounded, mesmerising, 67% to hit)
You shoot a sling bullet.
The sling bullet hits Maggie but does no damage.
Maggie is severely wounded.
Maggie closely misses you.
Fire: a) +1 sling of the Fated Trepidation {Elem, Fort} (curse)
Press: ? - help, Q - select action, (/) - cycle Shift-Dir - straight line, f/p - Maggie
Aim: Maggie, wielding a +2 broad axe of flaming and wearing +0 acid dragon scales (severely wounded, mesmerising, 67% to hit)
You shoot a sling bullet.
The sling bullet hits Maggie but does no damage.
Maggie is severely wounded.
Maggie barely misses you.
Fire: a) +1 sling of the Fated Trepidation {Elem, Fort} (curse)
Press: ? - help, Q - select action, (/) - cycle Shift-Dir - straight line, f/p - Maggie
Aim: Maggie, wielding a +2 broad axe of flaming and wearing +0 acid dragon scales (severely wounded, mesmerising, 67% to hit)
You shoot a sling bullet. The sling bullet hits Maggie.
Maggie is severely wounded.
Maggie hits you with a +2 broad axe of flaming!
* * * LOW HITPOINT WARNING * * *
Maggie burns you.
* * * LOW HITPOINT WARNING * * *
You feel very mighty all of a sudden.
Maggie hits you with a +2 broad axe of flaming!
You die...

..............'....#
..................#....#
..................#....#
..................#....#
............#######....#
............#....#######
............#.....#....[
......@.....'.....#....#
.......@....#.....#....#
######......##'####....#
#............#'####
#............#.....
#............#.....
##+####......#.....
#.....'...>..#.....
#.....#......#.....
#.....#......#.....


You could see Maggie (mesmerising).

Vanquished Creatures
  Prince Ribbit (D:7)
  Grinder (D:4)
  A water moccasin (D:7)
  An ice beast (D:6)
  A sky beast (D:7)
  A black bear (D:6)
  An ogre (D:5)
  2 phantoms (D:5)
  A centaur (D:6)
  Blork the orc (D:4)
  2 scorpions (D:5)
  5 wights
  5 killer bees
  A hound (D:4)
  2 orc priests
  A gnoll bouda (D:5)
  5 iguanas
  6 orc wizards
  3 gnolls (D:5)
  7 adders
  A shadow imp (D:6)
  3 white imps
  An ufetubus (D:3)
  A dart slug (D:5)
  21 orcs
  9 bats
  4 endoplasms
  2 giant cockroaches (D:4)
  5 goblins
  8 hobgoblins
  15 jackals
  2 quokkas
  7 ball pythons
  4 frilled lizards
  2 kobolds
  10 rats
143 creatures vanquished.

Vanquished Creatures (others)
  39 foxfires (D:7)
39 creatures vanquished.

Grand Total: 182 creatures vanquished

Notes
Turn   | Place    | Note
-------+----------+-------------------------------------------
     0 | D:1      | smashvw the Gnoll Hexslinger began the quest for the Orb.
     0 | D:1      | Reached XP level 1. HP: 17/17 MP: 4/4
    60 | D:1      | Reached XP level 2. HP: 17/23 MP: 5/5
   444 | D:1      | Reached XP level 3. HP: 28/28 MP: 7/7
  1002 | D:1      | Reached skill level 1 in Invocations
  1184 | D:2      | Learned a level 2 spell: Jinxbite
  1271 | D:2      | Got the Volume of the Pyromaniac and Algor
  1409 | D:2      | Reached skill level 1 in Short Blades
  1409 | D:2      | Reached skill level 1 in Long Blades
  1409 | D:2      | Reached skill level 1 in Axes
  1409 | D:2      | Reached skill level 1 in Maces & Flails
  1409 | D:2      | Reached skill level 1 in Polearms
  1409 | D:2      | Reached skill level 1 in Staves
  1409 | D:2      | Reached skill level 1 in Throwing
  1409 | D:2      | Reached skill level 1 in Armour
  1409 | D:2      | Reached skill level 1 in Stealth
  1409 | D:2      | Reached skill level 1 in Shields
  1409 | D:2      | Reached skill level 1 in Unarmed Combat
  1409 | D:2      | Reached skill level 1 in Evocations
  1509 | D:2      | Reached skill level 1 in Shapeshifting
  1509 | D:2      | Reached XP level 4. HP: 34/34 MP: 8/8
  2012 | D:3      | Reached skill level 1 in Conjurations
  2012 | D:3      | Reached skill level 1 in Summonings
  2012 | D:3      | Reached skill level 1 in Necromancy
  2012 | D:3      | Reached skill level 1 in Translocations
  2012 | D:3      | Reached skill level 1 in Ice Magic
  2012 | D:3      | Reached skill level 1 in Air Magic
  2012 | D:3      | Reached skill level 1 in Earth Magic
  2012 | D:3      | Reached skill level 1 in Alchemy
  2087 | D:3      | Reached XP level 5. HP: 27/40 MP: 9/9
  2743 | D:3      | Found a broken altar of Ashenzari.
  2784 | D:3      | Became a worshipper of Ashenzari the Shackled
  2924 | D:4      | Noticed Grinder
  2935 | D:4      | Paralysed by Grinder for 3 turns
  2940 | D:4      | Reached skill level 5 in Fighting
  2940 | D:4      | Reached skill level 5 in Spellcasting
  2940 | D:4      | Reached skill level 5 in Invocations
  2940 | D:4      | Reached XP level 6. HP: 39/51 MP: 8/14
  3166 | D:4      | Paralysed by Grinder for 3 turns
  3171 | D:4      | Killed Grinder
  3172 | D:4      | Reached XP level 7. HP: 39/56 MP: 15/15
  3345 | D:4      | Noticed Blork the orc
  3371 | D:4      | Killed Blork the orc
  3669 | D:4      | Learned a level 1 spell: Foxfire
  3957 | D:5      | Entered Level 5 of the Dungeon
  4005 | D:5      | Found Vamuc's One-of-a-Kind Rings.
  4032 | D:5      | Reached skill level 5 in Short Blades
  4032 | D:5      | Reached skill level 5 in Long Blades
  4032 | D:5      | Reached skill level 5 in Axes
  4032 | D:5      | Reached skill level 5 in Maces & Flails
  4032 | D:5      | Reached skill level 5 in Polearms
  4032 | D:5      | Reached skill level 5 in Staves
  4032 | D:5      | Reached skill level 5 in Throwing
  4032 | D:5      | Reached skill level 5 in Armour
  4032 | D:5      | Reached skill level 5 in Stealth
  4032 | D:5      | Reached skill level 5 in Shields
  4032 | D:5      | Reached skill level 5 in Unarmed Combat
  4032 | D:5      | Reached skill level 5 in Evocations
  4129 | D:5      | Reached XP level 8. HP: 48/64 MP: 16/16
  4432 | D:5      | Reached * piety under Ashenzari
  4488 | D:5      | Found a radiant altar of Vehumet.
  5504 | D:5      | HP: 3/64 [killer bee (9)]
  6388 | D:6      | Reached ** piety under Ashenzari
  6461 | D:6      | Reached XP level 9. HP: 41/69 MP: 18/18
  6640 | D:6      | Found a staircase to the Ecumenical Temple.
  6870 | D:7      | Noticed Prince Ribbit
  6877 | D:7      | Killed Prince Ribbit
  6878 | D:7      | Reached skill level 5 in Fire Magic
  7165 | D:7      | Reached skill level 5 in Shapeshifting
  7726 | D:7      | Noticed Maggie
  7748 | D:7      | Slain by Maggie

Illustrated notes

Levels and vault maps discovered:
D:1:      minmay_arrival_checkered_box, layout_basic, grunt_decor_mini_mirrors
D:2:      layout_loops_ring, minmay_tromino_i2
D:3:      layout_loops_corners, cheibrodos_ashenzari_chains, minmay_vboxes
D:4:      layout_loops_ring, uniq_blork_the_orc, uniq_grinder, uniq_natasha
D:5:      layout_loops_ring, vehumet_altar_wand_db, minmay_misc_feat_x,
          st_stairs_14, nrook_mini_vaults, nicolae_shop_unique_rings,
          kennysheep_generic_room_10
D:6:      layout_loops_ring, minmay_temple_entry_hall
D:7:      layout_gridville, uniq_maggie, uniq_prince_ribbit1

Skill      XL: |  1  2  3  4  5  6  7  8  9 |
---------------+----------------------------+-----
Fire Magic     | 2 4 5 |  5.1
Invocations    | 1 5 6 |  6.1
Short Blades   | 1 4 5 |  5.6
Long Blades    | 1 4 5 |  5.6
Axes           | 1 4 5 |  5.6
Maces & Flails | 1 4 5 |  5.6
Polearms       | 1 4 5 |  5.6
Staves         | 1 4 5 |  5.6
Throwing       | 1 4 5 |  5.6
Armour         | 1 4 5 |  5.6
Stealth        | 1 4 5 |  5.6
Shields        | 1 4 5 |  5.6
Unarmed Combat | 1 4 5 |  5.6
Evocations     | 1 4 5 |  5.6
Shapeshifting  | 1 4 5 |  5.1
Spellcasting   | 3 5 6 |  6.3
Conjurations   | 1 3 4 |  4.6
Summonings     | 1 3 4 |  4.6
Necromancy     | 1 3 4 |  4.6
Translocations | 1 3 4 |  4.6
Ice Magic      | 1 3 4 |  4.6
Air Magic      | 1 3 4 |  4.6
Earth Magic    | 1 3 4 |  4.6
Alchemy        | 1 3 4 |  4.6
Fighting       | 5 6 |  6.2
Ranged Weapons | 6 7 |  7.3
Dodging        | 6 7 |  7.3
Hexes          | 6 7 |  7.2

Action                     |  1- 3 |  4- 6 |  7- 9 || total
---------------------------+-------+-------+-------++-------
  Melee: Sling             |       |     7 |       ||     7
   Fire: Sling             |   131 |   177 |   361 ||   669
   Cast: Jinxbite          |     3 |     2 |     1 ||     6
         Foxfire           |       |       |    20 ||    20
 Invoke: Curse Item        |       |       |     4 ||     4
    Use: Potion            |       |     5 |     4 ||     9
         Scroll            |       |       |     1 ||     1
 Armour: Robe              |    56 |    85 |   150 ||   291
  Dodge: Dodged            |    70 |    74 |   174 ||   318

Table legend: (Time is in decaauts)
 A = Elapsed time spent in this place.
 B = Non-inter-level travel time spent in this place.
 C = Inter-level travel time spent in this place.
 D = Time resting spent in this place.
 E = Time spent auto-exploring this place.
 F = Levels seen in this place.
 G = Mean time per level.
                   A        B        C        D        E       F      G
               +--------+--------+--------+--------+--------+-----+--------+
         Total |   7801 |   7617 |    184 |    860 |   5634 |   7 | 1114.4 |
       Dungeon |   7801 |   7617 |    184 |    860 |   5634 |   7 | 1114.4 |
               +--------+--------+--------+--------+--------+-----+--------+

Top non-repeatable levels by time:
     D:5: 1731 daAuts
     D:6: 1230 daAuts
     D:1: 1174 daAuts
     D:3: 1130 daAuts
     D:4: 997 daAuts
     D:7: 830 daAuts
     D:2: 706 daAuts
